 Dungeon Crawl Stone Soup version 0.27-a0-249-g74f53ef629 (webtiles) character file.

Game seed: 646237596653981858

259 Borgoz the Slasher (level 6, -3/51 HPs)
             Began as a Ghoul Gladiator on Feb 3, 2021.
             Killed from afar by Dowan (10 damage)
             ... with a stone arrow
             ... on level 4 of the Dungeon.
             The game lasted 00:04:57 (3053 turns).

Borgoz the Slasher (Ghoul Gladiator)                Turns: 3053, Time: 00:04:58

Health: -3/51      AC: 10    Str: 18    XL:     6   Next: 17%
Magic:  5/5        EV: 12    Int:  3    God:
Gold:   151        SH:  0    Dex: 12    Spells: 5/5 levels left

rFire    . . .     SeeInvis .   a - +0 long sword
rCold    + . .     Faith    .   (no shield)
rNeg     + + +     Spirit   .   k - +0 ring mail (curse)
rPois    ∞         Reflect  .   c - +0 helmet
rElec    .         Harm     .   (no cloak)
rCorr    .         Rampage  .   (no gloves)
Will     .....                  (no boots)
Stlth    +.........             (no amulet)
HPRegen  0.00/turn              m - +4 ring of protection
MPRegen  0.09/turn              (no ring)

@: glowing
A: claws 1, cold resistance 1, negative energy resistance 3, inhibited
regeneration, torment resistance, unbreathing
a: no special abilities


You were on level 4 of the Dungeon.
You visited 1 branch of the dungeon, and saw 4 of its levels.

You collected 151 gold pieces.

Inventory:

Hand Weapons
 a - a +0 long sword (weapon)
 b - a +2 dagger of venom
Missiles
 d - a throwing net (quivered)
Armour
 c - a +0 helmet (worn)
 k - a cursed +0 ring mail (worn)
Jewellery
 m - a +4 ring of protection (left claw)
Wands
 p - a wand of mindburst (14)
Scrolls
 e - 2 scrolls of teleportation
 f - a scroll of immolation {unknown}
 g - 2 scrolls of fog
 h - a scroll of blinking {unknown}
 j - a scroll of remove curse {unknown}
 l - a scroll of enchant weapon {unknown}
 o - a scroll of enchant armour {unknown}
 q - a scroll of magic mapping {unknown}
Potions
 i - a potion of curing
 n - a potion of magic {unknown}
 r - a potion of might {unknown}
 s - a potion of resistance {unknown}
 t - a potion of heal wounds {unknown}


   Skills:
 + Level 3.5 Fighting
 * Level 4.3 Long Blades
 - Level 1.7 Throwing
 + Level 2.0 Armour
 + Level 3.6 Dodging


You had 5 spell levels left.
You didn't know any spells.
Your spell library was empty.

Dungeon Overview and Level Annotations

Branches:
Dungeon (4/15)
 Temple: D:4-7

Altars:

Annotations:
D:4 Dowan


Innate Abilities, Weirdness & Mutations

You thrive by killing the living.
You are immune to poison.
You have sharp fingernails.
Your flesh is cold resistant. (rC+)
You are immune to negative energy. (rN+++)
You do not regenerate when monsters are visible.
You are immune to unholy pain and torment.
You can survive without breathing.


Message History

Aiming: Mindburst
Press: ? - help, Shift-Dir - straight line, f - Dowan
Aim: Dowan, wielding a +0 dagger, wearing a +2 robe of cold resistance and carrying a wand of flame (16) (fast, chance to affect: 65%) Dowan struggles to resist.
Throw: 2 throwing nets
Press: ? - help, Q - select action, (/) - cycle Shift-Dir - straight line, f/p - Dowan
Aim: Dowan, wielding a +0 dagger, wearing a +2 robe of cold resistance and carrying a wand of flame (16) (fast, 46% to hit)
You throw a throwing net. The throwing net hits Dowan.
Dowan is caught in the net!
Dowan casts a spell at you. The shard of ice hits you! You partially resist.
* * * LOW HITPOINT WARNING * * *
Dowan struggles against the net.
You catch the helpless Dowan completely off-guard!
You hit Dowan but do no damage.
Dowan struggles against the net.
You hit Dowan.
Dowan is moderately wounded.
Dowan casts a spell at you. The stone arrow hits you!
You die...

#.#.##.# #.#
#####...##.# #.#
#..........# #.#
#####...#### #.#
#...# #.#
#####...# #.#
#.......#
######..#####
#...e@......!..
#..#############


You could see Dowan (fast, caught).

Vanquished Creatures
  Duvessa (D:4)
  Jessica (D:3)
  4 gnolls
  4 adders (D:3)
  A worm (D:3)
  A dart slug (D:1)
  2 leopard geckos
  6 orcs (D:3)
  4 giant cockroaches
  6 goblins
  4 hobgoblins
  A kobold (D:3)
  A quokka (D:2)
  A ball python (D:3)
  5 bats
  2 frilled lizards
  4 rats
48 creatures vanquished.

Notes
Turn   | Place    | Note
-------+----------+-------------------------------------------
     0 | D:1      | Borgoz the Ghoul Gladiator began the quest for the Orb.
     0 | D:1      | Reached XP level 1. HP: 17/17 MP: 0/0
   180 | D:1      | Reached XP level 2. HP: 25/25 MP: 1/1
   218 | D:1      | Reached skill level 3 in Long Blades
   817 | D:2      | Reached XP level 3. HP: 27/30 MP: 2/2
   884 | D:2      | Reached skill level 1 in Armour
   994 | D:2      | Reached XP level 4. HP: 22/37 MP: 3/3
  1638 | D:3      | Noticed Jessica
  1651 | D:3      | Killed Jessica
  2169 | D:3      | Reached XP level 5. HP: 40/45 MP: 4/4
  2669 | D:3      | Reached skill level 4 in Long Blades
  3033 | D:4      | Noticed Duvessa
  3035 | D:4      | Noticed Dowan
  3049 | D:4      | Killed Duvessa
  3050 | D:4      | Reached XP level 6. HP: 21/51 MP: 5/5
  3053 | D:4      | Killed from afar by Dowan

Illustrated notes

Levels and vault maps discovered:
D:1:      dpeg_arrival_arbitrary_c, layout_loops_ring
D:2:      layout_basic
D:3:      layout_loops_corners, uniq_jessica
D:4:      minmay_polygon_palace, layout_loops_ring, zin_scriptorium,
          general_overflow_altar, kennysheep_big_empty_room,
          minmay_shop_damaged, uniq_blork_the_orc, uniq_duvessa

Skill      XL: |  1  2  3  4  5 |
---------------+----------------+-----
Long Blades    | 3 4 |  4.3
Dodging        | 3 |  3.6
Armour         | 1 2 |  2.0
Fighting       | 3 |  3.5
Throwing       | |  1.7

Action                   |  1- 3 |  4- 6 || total
-------------------------+-------+-------++-------
Melee: Long sword        |    45 |   125 ||   170
Throw: Throwing net      |     1 |     1 ||     2
Evoke: Wand              |       |     1 ||     1
  Use: Scroll            |       |     5 ||     5
       Potion            |       |     1 ||     1
 Stab: Held in net/web   |     1 |     1 ||     2
Armor: Leather armour    |    23 |       ||    23
       Ring mail         |     4 |    60 ||    64
Dodge: Dodged            |    25 |    75 ||   100
       Rpst.: Long sword |     6 |    18 ||    24

Table legend: (Time is in decaauts)
 A = Elapsed time spent in this place.
 B = Non-inter-level travel time spent in this place.
 C = Inter-level travel time spent in this place.
 D = Time resting spent in this place.
 E = Time spent auto-exploring this place.
 F = Levels seen in this place.
 G = Mean time per level.
                   A        B        C        D        E       F      G
               +--------+--------+--------+--------+--------+-----+--------+
         Total |   3088 |   2947 |    141 |    430 |   2045 |   4 |  772.0 |
       Dungeon |   3088 |   2947 |    141 |    430 |   2045 |   4 |  772.0 |
               +--------+--------+--------+--------+--------+-----+--------+

Top non-repeatable levels by time:
     D:3: 1395 daAuts
     D:2: 846 daAuts
     D:1: 802 daAuts
     D:4: 44 daAuts
